 Dungeon Crawl Stone Soup version 0.19.1-1-g22dce08 (webtiles) character file.

264 Alarkh the Chopper (level 5, -2/41 HPs)
             Began as a Demonspawn Monk on Jan 3, 2017.
             Killed from afar by an orc wizard (9 damage)
             ... with a magic dart
             ... on level 2 of the Dungeon.
             The game lasted 00:03:39 (2838 turns).

Alarkh the Chopper (Demonspawn Monk)                Turns: 2838, Time: 00:03:40

Health: -2/41      AC:  4    Str: 14 (16) XL:     5   Next: 98%
Magic:  5/5        EV: 18    Int: 11 (13) God:
Gold:   54         SH:  0    Dex: 19 (20) Spells: 0 memorised, 4 levels left

rFire  . . .     SeeInvis .     a - +2 hand axe
rCold  . . .     Gourm    .     b - +0 robe
rNeg   + . .     Faith    .     (no shield)
rPois  .         Spirit   .     (no helmet)
rElec  .         Reflect  .     l - +0 cloak
rCorr  .         Harm     .     (no gloves)
MR     .....                    h - +0 pair of boots
Stlth  +++.......               (no amulet)
                                (no ring)
                                e - ring of positive energy

@: mighty, agile
A: powered by pain 1
a: no special abilities


You were on level 2 of the Dungeon.
You were not hungry.

You visited 1 branch of the dungeon, and saw 3 of its levels.

You collected 54 gold pieces.

Inventory:

Hand Weapons
 a - a +2 hand axe (weapon)
Armour
 b - a +0 robe (worn)
 h - a +0 pair of boots (worn)
 l - a +0 cloak (worn)
Jewellery
 e - a ring of positive energy (left hand)
Scrolls
 i - a scroll of remove curse
 n - a scroll of blinking {unknown}
Potions
 d - 3 potions of brilliance
 m - a potion of flight {unknown}
 o - a potion of heal wounds {unknown}
Comestibles
 c - 2 bread rations
 f - 7 chunks of flesh
 g - 2 meat rations
 p - a royal jelly


   Skills:
 - Level 3.0 Fighting
 + Level 6.1 Axes
 - Level 2.6 Dodging
 - Level 1.7 Stealth


You had 4 spell levels left.
You didn't know any spells.

Dungeon Overview and Level Annotations

Branches:
Dungeon (3/15)

Altars:


Innate Abilities, Weirdness & Mutations

You sometimes gain a little power by taking damage.


Message History

You focus on the pain.
You feel agile all of a sudden.
You hear some strange, mumbled words.
You are confused.
You climb upwards.
There is a stone staircase leading down here.
You bump into the rock wall.
Something hits you but does no damage.
You bump into the rock wall.
Something hits you.
* * * LOW HITPOINT WARNING * * *
You bump into the rock wall.
Something hits you but does no damage. Something hits you but does no damage.
You bump into the rock wall.
Something hits you but does no damage.
You completely miss something.
You feel less confused. Something hits you but does no damage.
You slash something!
You hear some strange, mumbled words.
A magic dart appears from out of thin air!
The magic dart hits you!
You die...

........#
#.......#
#....)....
........#
#..#....#
#.........
#########
#.##....#
#.........
####....#
#.........
#....#
#.........
#....#
#.........
#....#
#.........
#..[>#
##########
#.>@{#
######


There were no monsters in sight!

Vanquished Creatures
  An orc priest (D:3)
  Natasha (thrice) (D:2 D:1)
  Terence (D:1)
  An orc wizard (D:2)
  4 adders (D:2)
  3 oozes
  2 worms (D:2)
  2 dart slugs
  A leopard gecko (D:1)
  2 orcs
  A ball python (D:2)
  A giant cockroach (D:1)
  5 hobgoblins
  4 jackals
  3 kobolds
  A quokka (D:2)
  7 bats
  2 frilled lizards
  5 goblins
  7 rats
56 creatures vanquished.

Notes
Turn   | Place    | Note
-------+----------+-------------------------------------------
     0 | D:1      | Alarkh the Demonspawn Monk began the quest for the Orb.
     0 | D:1      | Reached XP level 1. HP: 18/18 MP: 1/1
    87 | D:1      | Reached skill level 3 in Axes
    89 | D:1      | Gained mutation: You sometimes gain a little power by taking damage. [demonic ancestry]
    89 | D:1      | Reached XP level 2. HP: 17/24 MP: 2/2
   538 | D:1      | Reached XP level 3. HP: 23/29 MP: 3/3
   592 | D:2      | Reached skill level 4 in Axes
  1030 | D:2      | Reached XP level 4. HP: 21/35 MP: 4/4
  1282 | D:2      | Noticed Natasha
  1290 | D:2      | Killed Natasha
  1509 | D:2      | Noticed Natasha
  1522 | D:2      | Killed Natasha
  1522 | D:2      | Reached skill level 5 in Axes
  1806 | D:2      | Noticed Natasha
  1809 | D:2      | Reached XP level 5. HP: 41/41 MP: 5/5
  1813 | D:2      | Noticed Terence
  1854 | D:1      | Killed Terence
  2071 | D:1      | HP: 2/41 [Natasha (5)]
  2073 | D:1      | Killed Natasha
  2720 | D:2      | Reached skill level 6 in Axes
  2838 | D:2      | Killed from afar by an orc wizard

Skill      XL: |  1  2  3  4  5 |
---------------+----------------+-----
Axes           | 3 4 5 6 |  6.1
Fighting       | |  3.0
Dodging        | |  2.6
Stealth        | |  1.7

Action                   |  1- 3 |  4- 6 || total
-------------------------+-------+-------++-------
Melee: Hand axe          |   115 |   133 ||   248
  Use: Potion            |     2 |     3 ||     5
       Scroll            |     1 |     2 ||     3
 Stab: Sleeping          |     4 |     2 ||     6
  Eat: Chunk             |       |     6 ||     6
Armor: Robe              |    25 |    32 ||    57
Dodge: Dodged            |    87 |   104 ||   191
